 Dungeon Crawl Stone Soup version 0.20.0-4-g10b340a (webtiles) character file.

235 Kisielow the Slasher (level 5, -5/47 HPs)
             Began as a Minotaur Fighter on May 27, 2017.
             Slain by Timinator's ghost (12 damage)
             ... on level 4 of the Dungeon.
             The game lasted 00:05:05 (2490 turns).

Kisielow the Slasher (Minotaur Fighter)             Turns: 2490, Time: 00:05:05

Health: -5/47      AC: 10    Str: 21    XL:     5   Next: 76%
Magic:  4/4        EV:  7    Int:  5    God:
Gold:   205        SH: 10    Dex: 10    Spells: 4/4 levels left

rFire    . . .     SeeInvis .   a - +1 long sword
rCold    . . .     Gourm    .   c - +1 shield
rNeg     . . .     Faith    .   b - +0 scale mail
rPois    .         Spirit   .   (helmet restricted)
rElec    .         Reflect  .   (no cloak)
rCorr    .         Harm     .   (no gloves)
MR       .....                  (no boots)
Stlth    ..........             (no amulet)
Regen    0.2/turn               m - +3 ring of protection
MPRegen  0.1/turn               (no ring)

@: drained
A: retaliatory headbutt, horns 2
a: no special abilities


You were on level 4 of the Dungeon.
You were not hungry.

You visited 1 branch of the dungeon, and saw 4 of its levels.

You collected 205 gold pieces.

Inventory:

Hand Weapons
 a - a +1 long sword (weapon)
Armour
 b - a +0 scale mail (worn)
 c - a +1 shield (worn)
Jewellery
 m - a +3 ring of protection (left hand)
 p - an uncursed ring of wizardry {unknown}
Scrolls
 e - 2 scrolls of identify
 l - 2 scrolls of fear
Potions
 d - a potion of might
 h - a potion of brilliance {unknown}
 j - 2 potions of haste
 k - 2 potions of heal wounds {unknown}
 q - a potion of experience {unknown}
 u - 2 potions of mutation
 v - a potion of curing {unknown}
 w - 3 potions of lignification
Comestibles
 f - 3 bread rations
 g - 3 fruits
 i - 2 chunks of flesh
 n - a meat ration
 o - 2 royal jellies


   Skills:
 + Level 4.4(3.6) Fighting
 * Level 5.9(5.1) Long Blades
 + Level 4.5(3.7) Armour
 + Level 4.2(3.4) Shields


You had 4 spell levels left.
You didn't know any spells.

Dungeon Overview and Level Annotations

Branches:
Dungeon (4/15)
 Temple: D:4-7

Altars:
Dithmenos
The Shining One

Annotations:
D:4 Timinator's ghost, novice FoFi


Innate Abilities, Weirdness & Mutations

You reflexively headbutt those who attack you in melee.
You have a pair of horns on your head.


Message History

Your shield and scale mail prevent you from hitting Timinator's ghost.
You headbutt Timinator's ghost!
Timinator's ghost is severely damaged.
You block Timinator's ghost's attack. x2
You hit Timinator's ghost but do no damage.
Timinator's ghost is severely damaged.
Timinator's ghost hits you but does no damage.
You barely miss Timinator's ghost.
You headbutt Timinator's ghost, but do no damage.
Timinator's ghost is severely damaged.
Timinator's ghost hits you.
* * * LOW HITPOINT WARNING * * *
You slash Timinator's ghost! Your headbutt misses Timinator's ghost.
Timinator's ghost is almost destroyed.
Timinator's ghost hits you!
* * * LOW HITPOINT WARNING * * *
You hit Timinator's ghost but do no damage.
Timinator's ghost is almost destroyed.
Timinator's ghost hits you!
You die...

.........###.........
..)........[..#.....##
>....................
#. #...............
#.# #..#............
#.. ##..#............
#.##..##...........#
#.....#####..#.....#
#..@### #.####....
#.#W#### #.##......
#......# #.##(.....
#......# #.##......
#...........##......
#......#..# #......
#.........# #.###.#
#....?..... .. ...
#####.##... .. ...


You could see Timinator's ghost.

Vanquished Creatures
  2 hounds (D:4)
  An iguana (D:4)
  4 adders
  3 gnolls (D:3)
  2 worms
  4 dart slugs
  A leopard gecko (D:4)
  6 orcs (D:3)
  4 giant cockroaches
  12 goblins
  7 hobgoblins
  6 jackals
  A quokka (D:3)
  8 bats
  A frilled lizard (D:1)
  4 kobolds
  3 rats
69 creatures vanquished.

Notes
Turn   | Place    | Note
-------+----------+-------------------------------------------
     0 | D:1      | Kisielow the Minotaur Fighter began the quest for the Orb.
     0 | D:1      | Reached XP level 1. HP: 19/19 MP: 0/0
   187 | D:1      | Reached skill level 3 in Long Blades
   294 | D:1      | Reached XP level 2. HP: 24/26 MP: 1/1
   888 | D:2      | Reached skill level 4 in Long Blades
   919 | D:2      | Reached XP level 3. HP: 26/31 MP: 2/2
  1201 | D:2      | Found a shadowy altar of Dithmenos.
  1320 | D:2      | Reached skill level 5 in Long Blades
  1506 | D:3      | Reached XP level 4. HP: 40/40 MP: 3/3
  1853 | D:3      | Found a glowing golden altar of the Shining One.
  2168 | D:3      | Reached XP level 5. HP: 46/46 MP: 4/4
  2460 | D:4      | Noticed Timinator's ghost (novice FoFi)
  2490 | D:4      | Slain by Timinator's ghost

Skill      XL: |  1  2  3  4  5 |
---------------+----------------+-----
Long Blades    | 3 4 5 |  5.9
Fighting       | 4 |  4.4
Armour         | 4 |  4.5
Shields        | 4 |  4.2

Action                   |  1- 3 |  4- 6 || total
-------------------------+-------+-------++-------
Melee: Long sword        |    60 |   117 ||   177
       Headbutt          |     9 |    21 ||    30
  Use: Scroll            |       |     8 ||     8
  Eat: Chunk             |     2 |     3 ||     5
Armor: Scale mail        |    23 |    53 ||    76
Dodge: Dodged            |    18 |    39 ||    57
Block: Shield            |    30 |    86 ||   116
       Rpst.: Long sword |     3 |    11 ||    14
